 Dungeon Crawl Stone Soup version 0.21.1-1-g345015fe64 (webtiles) character file.

2300 WoodyWooster the Summoner (level 9, -21/45 HPs)
             Began as a Tengu Summoner on July 7, 2018.
             Was a Believer of Nemelex Xobeh.
             Killed from afar by a rakshasa (30 damage)
             ... with an orb of energy
             ... on level 8 of the Dungeon.
             The game lasted 00:55:43 (7442 turns).

WoodyWooster the Summoner (Tengu Summoner)          Turns: 7442, Time: 00:55:43

Health: -21/45     AC:  6    Str: 12    XL:     9   Next: 40%
Magic:  1/6        EV: 18    Int: 21    God:    Nemelex Xobeh [**....]
Gold:   91         SH:  0    Dex: 16    Spells: 14/20 levels left

rFire    + . .     SeeInvis +   A - +8 dagger of Qaitril {antimagic, Str+2 Int+3}
rCold    . . .     Gourm    .   (no shield)
rNeg     . . .     Faith    .   u - +2 leather armour
rPois    .         Spirit   .   k - +1 hat
rElec    .         Reflect  .   (no cloak)
rCorr    .         Harm     .   (no gloves)
MR       .....                  (boots unavailable)
Stlth    ++........             (no amulet)
HPRegen  0.15/turn              h - ring "Leelagh" {rF+ Str+2 SInv}
MPRegen  0.10/turn              s - +3 ring of evasion

@: no status effects
A: beak, talons 3, able to fly 1
a: Fly, Renounce Religion


You were on level 8 of the Dungeon.
You worshipped Nemelex Xobeh.
Nemelex Xobeh was pleased with you.
You were hungry.

You visited 1 branch of the dungeon, and saw 8 of its levels.

You collected 375 gold pieces.
You spent 284 gold pieces at shops.

Inventory:

Hand Weapons
 A - the +8 dagger of Qaitril (weapon) {antimagic, Str+2 Int+3}
   (You found it on level 5 of the Dungeon)

   It reduces the magical energy of the wielder, and disrupts the spells and
   magical abilities of those hit.
   Natural abilities and divine invocations are not affected.
   It affects your strength (+2).
   It affects your intelligence (+3).
Missiles
 w - a throwing net (quivered)
Armour
 k - a +1 hat (worn)
 p - a +0 robe
 u - a +2 leather armour (worn)
Jewellery
 d - an uncursed ring of poison resistance
 h - the ring "Leelagh" (left hand) {rF+ Str+2 SInv}
   (You found it on level 6 of the Dungeon)

   [ring of protection from fire]

   It affects your strength (+2).
   It protects you from fire.
   It lets you see invisible.
 s - a +3 ring of evasion (right hand)
Wands
 g - a wand of disintegration (18)
 i - a wand of clouds (2)
 v - a wand of iceblast (6)
 y - a wand of polymorph (14)
Scrolls
 a - 4 scrolls of remove curse
 e - a scroll of identify
 o - a scroll of fog
 r - a scroll of magic mapping
 z - a scroll of amnesia
 C - a scroll of enchant weapon
 D - a scroll of teleportation
Potions
 f - a potion of degeneration {unknown}
 m - a potion of curing
 n - a potion of berserk rage {unknown}
 t - a potion of lignification {unknown}
 x - a potion of agility
Books
 b - a book of Callings

   Spells                             Type                      Level
   a - Summon Small Mammal            Summoning                    1
   b - Call Imp                       Summoning                    2
   c - Call Canine Familiar           Summoning                    3
   d - Summon Guardian Golem          Hexes/Summoning              3
   e - Summon Lightning Spire         Summoning/Air                4
   f - Summon Ice Beast               Ice/Summoning                4
 l - a book of Minor Magic

   Spells                             Type                      Level
   a - Magic Dart                     Conjuration                  1
   b - Blink                          Translocation                2
   c - Call Imp                       Summoning                    2
   d - Slow                           Hexes                        2
   e - Conjure Flame                  Conjuration/Fire             3
   f - Mephitic Cloud                 Conjuration/Poison/Air       3
Miscellaneous
 j - an ornate deck of summoning {drawn: 3}
 q - an ornate deck of destruction {drawn: 1}
 E - a plain deck of summoning
Comestibles
 c - 13 rations


   Skills:
 + Level 2.7 Short Blades
 + Level 2.3 Armour
 * Level 5.4 Dodging
 - Level 2.0 Stealth
 + Level 6.2 Spellcasting
 * Level 11.0 Summonings
 + Level 1.9 Air Magic


You had 14 spell levels left.
You knew the following spells:

 Your Spells              Type           Power        Failure   Level  Hunger
b - Call Imp              Summ           ######..     1%          2    None
c - Summon Lightning Spi  Summ/Air       ####....     9%          4    ###....


Dungeon Overview and Level Annotations

Branches:
Dungeon (8/15)             Temple (0/1) D:4
   Lair: D:8-11

Altars:
Elyvilon
Fedhas
Hepliaklqana
Nemelex Xobeh
Okawaru
Ru
Vehumet
Xom
Zin

Shops:
D:5 [   D:7 *}*=


Innate Abilities, Weirdness & Mutations

You have a beak for a mouth.
You have claws for feet.
You can fly.


Message History

Anything else - Cancel.
Gang up on whom?
Press: ? - help, Dir - move target cursor, f - rakshasa
Aim: a rakshasa, wielding a trident and wearing a robe Attack!
The rakshasa hits your shadow imp with a trident!
Your shadow imp dies!
Your shadow imp barely misses the rakshasa.
The rakshasa hits your white imp with a trident!!
Your white imp dies!
Your shadow imp barely misses the rakshasa.
Your shadow imp misses the rakshasa.
The orc hits your shadow imp with a dagger.
Your shadow imp hits the orc.
The orc closely misses your shadow imp.
The rakshasa blinks!
The rakshasa gestures at you. The orb of energy hits you!
Ouch! That really hurt!
You die...
Your body glows with a rainbow of weird colours and disappears.

...........#####
.....o.....#
....R.....##
#.#...##### #.#...#
#.#...# ..##.##
#.##.##############
..†#.....o5R....@.#
.÷...############.#
.......... ...
########## .....
######


You could see a rakshasa, an orc and a friendly shadow imp.

Vanquished Creatures
  2 sky beasts
  2 ice beasts
  A centaur (D:7)
  A big kobold (D:5)
  4 bullfrogs
  A scorpion (D:6)
  3 killer bees (D:7)
  A crimson imp (D:6)
  2 hounds
  2 jellies
  An iguana (D:7)
  An orc wizard (D:6)
  2 worker ants (D:6)
  An adder (D:2)
  A leopard gecko (D:7)
  3 orcs (D:6)
  A giant cockroach (D:1)
  2 jackals (D:6)
  A quokka (D:4)
32 creatures vanquished.

Vanquished Creatures (collateral kills)
  A hippogriff (D:8)
  The ghost of makkenr95 the Chopper, an amateur MiFi (D:3)
  A hungry ghost (D:7)
  Menkaure (D:4)
  A phantom (D:5)
  A sky beast (D:6)
  3 ice beasts
  4 ogres
  A killer bee (D:7)
  2 howler monkeys (D:4)
  A crimson imp (D:5)
  2 jellies
  A quasit (D:8)
  2 hounds
  A centaur skeleton (D:5)
  2 bullfrog skeletons
  An iguana (D:6)
  2 orc wizards (D:6)
  7 worker ants
  A hound zombie (D:5)
  5 adders
  2 oozes
  An adder skeleton (D:4)
  6 worms
  A dart slug (D:3)
  2 leopard geckos
  10 orcs
  5 bats
  3 giant cockroaches
  4 hobgoblins
  8 jackals
  2 quokkas
  4 frilled lizards
  8 goblins
  A jackal skeleton (D:6)
  9 kobolds
  A quokka skeleton (D:4)
  6 rats
114 creatures vanquished.

Vanquished Creatures (others)
  A plant (D:5)
1 creature vanquished.

Grand Total: 147 creatures vanquished

Notes
Turn   | Place    | Note
-------+----------+-------------------------------------------
     0 | D:1      | WoodyWooster the Tengu Summoner began the quest for the Orb.
     0 | D:1      | Reached XP level 1. HP: 10/10 MP: 4/4
   136 | D:1      | Reached skill level 5 in Summonings
   259 | D:1      | Reached XP level 2. HP: 11/15 MP: 0/6
   281 | D:1      | Found an iron altar of Okawaru.
   294 | D:1      | Learned a level 2 spell: Call Imp
   774 | D:2      | Reached XP level 3. HP: 19/19 MP: 0/7
   902 | D:2      | Found a sparkling altar of Nemelex Xobeh.
   920 | D:2      | Became a worshipper of Nemelex Xobeh the Trickster
   990 | D:2      | Received a gift from Nemelex Xobeh
  1054 | D:2      | Noticed an ogre
  1064 | D:2      | Killed an ogre
  1064 | D:2      | Reached skill level 6 in Summonings
  1064 | D:2      | Reached XP level 4. HP: 24/24 MP: 1/9
  1070 | D:2      | Learned a level 4 spell: Summon Lightning Spire
  1811 | D:3      | Noticed makkenr95's ghost (amateur MiFi)
  1916 | D:3      | Killed makkenr95's ghost
  1916 | D:3      | Gained mutation: You can fly. [Tengu growth]
  1916 | D:3      | Reached XP level 5. HP: 15/28 MP: 1/10
  2625 | D:4      | Found a staircase to the Ecumenical Temple.
  2854 | D:4      | Reached * piety under Nemelex Xobeh
  2901 | D:4      | Reached skill level 7 in Summonings
  2917 | D:4      | Received a gift from Nemelex Xobeh
  2957 | D:4      | Reached XP level 6. HP: 32/32 MP: 12/12
  2984 | D:4      | Noticed Menkaure
  3002 | D:4      | Killed Menkaure
  3525 | D:5      | Entered Level 5 of the Dungeon
  3576 | D:5      | Found a sacrificial altar of Ru.
  3716 | D:5      | Noticed an ice beast
  3757 | D:5      | Killed an ice beast
  3757 | D:5      | Reached XP level 7. HP: 36/36 MP: 8/14
  3883 | D:5      | Reached skill level 1 in Air Magic
  4001 | D:5      | Reached skill level 8 in Summonings
  4181 | D:5      | Found Pousiate's Armour Boutique.
  4455 | D:5      | Reached skill level 5 in Spellcasting
  4688 | D:5      | Found a blossoming altar of Fedhas.
  4728 | D:5      | Got a crude dagger
  4739 | D:5      | Identified the +8 dagger of Qaitril {antimagic, Str+2 Int+3} (You found it on level 5 of the Dungeon)
  5063 | D:6      | Reached ** piety under Nemelex Xobeh
  5064 | D:6      | Found a radiant altar of Vehumet.
  5117 | D:6      | Reached XP level 8. HP: 27/41 MP: 2/16
  5265 | D:6      | Reached skill level 9 in Summonings
  5312 | D:6      | Got a faintly glowing glass ring
  5329 | D:6      | Reached skill level 1 in Short Blades
  5559 | D:6      | Reached skill level 1 in Armour
  5637 | D:6      | Found a shimmering altar of Xom.
  5694 | D:6      | Found a hazy altar of Hepliaklqana.
  5694 | D:6      | Found a white marble altar of Elyvilon.
  5832 | D:7      | Found Kimeur's Gadget Emporium.
  5906 | D:7      | Bought a wand of disintegration (18) for 264 gold pieces
  5934 | D:7      | Reached skill level 10 in Summonings
  5950 | D:7      | Found Zin's Purification Station.
  5952 | D:7      | Found a glowing silver altar of Zin.
  6092 | D:7      | Reached XP level 9. HP: 24/45 MP: 1/18
  6243 | D:7      | Found Mutseeb's Assorted Antiques.
  6262 | D:7      | Bought a robe for 20 gold pieces
  6288 | D:7      | Found Opoymea's Jewellery Shop.
  6446 | D:7      | Reached skill level 5 in Dodging
  6472 | D:7      | Identified the ring "Leelagh" {rF+ Str+2 SInv} (You found it on level 6 of the Dungeon)
  7106 | D:8      | Received a gift from Nemelex Xobeh
  7166 | D:8      | HP: 1/45 [hippogriff (2)]
  7171 | D:8      | Reached skill level 11 in Summonings
  7404 | D:8      | Noticed a rakshasa
  7442 | D:8      | Killed from afar by a rakshasa

Skill      XL: |  1  2  3  4  5  6  7  8  9 |
---------------+----------------------------+-----
Summonings     | 5 6 7 8 10 11 | 11.0
Dodging        | 3 4 5 |  5.4
Spellcasting   | 3 4 5 6 |  6.2
Air Magic      | 1 |  1.9
Short Blades   | 2 |  2.7
Armour         | 1 2 |  2.3
Stealth        | |  2.0

Action                   |  1- 3 |  4- 6 |  7- 9 || total
-------------------------+-------+-------+-------++-------
Melee: Unarmed           |     9 |       |       ||     9
       Peck              |     3 |       |    27 ||    30
       Kick              |     1 |     1 |    39 ||    41
       Dagger            |       |    15 |   172 ||   187
 Cast: Summon Small Mamm |    21 |     1 |     1 ||    23
       Call Imp          |    20 |    55 |    62 ||   137
       Summon Lightning  |       |     1 |     1 ||     2
Evoke: Deck              |       |     3 |     1 ||     4
  Use: Potion            |       |     4 |     3 ||     7
       Scroll            |       |       |    15 ||    15
 Stab: Distracted        |       |       |     2 ||     2
  Eat: Chunk             |     2 |    11 |     6 ||    19
       Ration            |       |       |     2 ||     2
Armor: Robe              |    10 |    13 |     8 ||    31
       Leather armour    |       |       |    25 ||    25
Dodge: Dodged            |    17 |    24 |   136 ||   177
